 Dungeon Crawl Stone Soup version 0.29.1-1-gd02db6906a (webtiles) character file.

Game seed: 4529957720223519009

978 Godmorgon the Destroyer (level 8, 0/41 HPs)
             Began as a Tengu Conjurer on Oct 13, 2022.
             Was a Follower of Vehumet.
             Slain by a vampire mosquito (9 damage)
             ... on level 5 of the Dungeon.
             The game lasted 00:20:59 (5033 turns).

Godmorgon the Destroyer (Tengu Conjurer)            Turns: 5033, Time: 00:20:59

Health: 0/41       AC:  7    Str:  7    XL:     8   Next: 17%
Magic:  15/15      EV: 17    Int: 20    God:    Vehumet [*.....]
Gold:   471        SH:  5    Dex: 14    Spells: 6/15 levels left

rFire   . . .      SeeInvis .   a - +2 flail (venom)
rCold   + . .      Faith    .   n - +0 buckler
rNeg    + . .      Spirit   .   x - +3 leather armour {rC+}
rPois   .          Reflect  .   (helmet restricted)
rElec   .          Harm     .   (no cloak)
rCorr   .          Rampage  .   j - +0 pair of gloves
Will    .....                   (boots unavailable)
Stlth   ++........              s - amulet of magic regeneration
HPRegen 0.13/turn               i - +4 ring of evasion
MPRegen 0.54/turn               d - ring of positive energy

@: flying quickly and evasively, quick
A: beak, talons 3, nimble flight
a: Renounce Religion


You were on level 5 of the Dungeon.
You worshipped Vehumet.
Vehumet was aware of your devotion.
You visited 2 branches of the dungeon, and saw 6 of its levels.

You collected 510 gold pieces.
You spent 39 gold pieces at shops.

Inventory:

Hand Weapons
 a - a +2 flail of venom (weapon)
Missiles
 q - 14 poisoned darts
Armour
 j - a +0 pair of gloves (worn)
 n - a +0 buckler (worn)
 x - a +3 leather armour of cold resistance (worn)
Jewellery
 d - a ring of positive energy (right hand)
 i - a +4 ring of evasion (left hand)
 k - a ring of see invisible
 s - an amulet of magic regeneration (around neck)
Wands
 r - a wand of flame (18) (quivered)
Scrolls
 c - a scroll of poison {unknown}
 e - a scroll of brand weapon {unknown}
 g - a scroll of fear {unknown}
 o - 2 scrolls of amnesia
 t - 3 scrolls of teleportation
 u - a scroll of vulnerability {unknown}
 y - a scroll of butterflies {unknown}
Potions
 b - 2 potions of magic
 f - 4 potions of curing
 h - a potion of flight {unknown}
 l - 3 potions of brilliance
 m - a potion of heal wounds {unknown}
 p - a potion of lignification {unknown}
 v - 2 potions of cancellation {unknown}
 w - a potion of degeneration {unknown}
 z - a potion of attraction {unknown}


   Skills:
 * Level 2.5 Armour
 - Level 2.1 Dodging
 - Level 2.0 Stealth
 * Level 4.7 Shields
 + Level 4.2 Spellcasting
 * Level 8.9 Conjurations
 * Level 2.1 Fire Magic


You had 6 spell levels left.
You knew the following spells:

 Your Spells              Type           Power      Damage    Failure   Level
d - Magic Dart            Conj           100%       1d8       1%          1
s - Searing Ray           Conj           80%        2d7       1%          2
S - Starburst             Conj/Fire      13%        6d5       98%         6

Your spell library contained the following spells:

 Spells                   Type           Power      Damage    Failure   Level
 Foxfire                  Conj/Fire      100%       2x1d9     2%          1
 Dazzling Flash           Conj/Hex       44%        N/A       12%         3
 Fulminant Prism          Conj/Hex       11%        3d9       36%         4
 Iskenderun's Mystic Bla  Conj/Tloc      22%        2d6       36%         4


Dungeon Overview and Level Annotations

Branches:
Dungeon (5/15)             Temple (1/1) D:4

Altars:
Ashenzari
Dithmenos
Fedhas
Gozag
Hepliaklqana
Kikubaaqudgha
Ru
Sif Muna
Trog
Uskayaw
Vehumet
Wu Jian
Xom
Zin
The Shining One

Shops:
D:3 *(?!


Innate Abilities, Weirdness & Mutations

You have a beak for a mouth.
You have claws for feet.
Your magical nature lets you fly swiftly and evasively.


Message History

Casting: Searing Ray (safe; 1% risk of failure)
Confirm with . or Enter, or press ? or * to list all spells.
Aiming: Searing Ray (safe; 1% risk of failure)
Press: ? - help, Shift-Dir - straight line, f - orc
Aim: an orc, wielding a +0 whip (82% to hit)
The searing ray hits the jackal.
The jackal is almost dead.
The searing ray hits the acid dragon.
The acid dragon is heavily wounded.
The searing ray hits the orc.
The orc is severely wounded. (Press . to maintain the ray.)
You block the jackal's attack.
The searing ray misses the jackal.
The searing ray hits the orc!
You kill the orc!
Vehumet accepts your kill.
An adder comes into view.
The jackal bites you. The jackal closely misses you.
The jackal attacks as you move away! You block the jackal's attack.
The jackal bites you. The jackal attacks as you move away!
The jackal closely misses you. The jackal attacks as you move away!
The jackal misses you.
The vampire mosquito attacks as you move away!
The vampire mosquito completely misses you.
The vampire mosquito closely misses you.
The jackal closely misses you. The jackal attacks as you move away!
You block the jackal's attack. The vampire mosquito bites you.
The jackal attacks as you move away! You block the jackal's attack.
The vampire mosquito closely misses you.
The vampire mosquito attacks as you move away!
The vampire mosquito bites you. The jackal attacks as you move away!
You block the jackal's attack. The vampire mosquito bites you.
* * * LOW HITPOINT WARNING * * *
The vampire mosquito draws strength from your injuries!
The vampire mosquito barely misses you.
You are no longer corroded.
The vampire mosquito bites you!
You die...

.....).yS.. ................#
....## .................#
##...## #................#
##....## #...#########'####
##.....## #(.##..###.....##
.....#..## #.......[.......#
.....#...## #..............#
.....#...D## #..............#
..)..#.....## ##@............#
.....#......## #y............#
.....#.......###.............#
.....#.....#.s.h.............#
##..####+#..#.##....##..>.....
##..###..#####################
.....#....# .....#....#
.....#....#


You could see a vampire mosquito and a jackal.

Vanquished Creatures
  Sigmund (D:3)
  Eustachio (D:4)
  Edmund (D:5)
  An ogre (D:5)
  A phantom (D:5)
  A howler monkey (Temple)
  A jelly (D:5)
  A hound (D:4)
  3 iguanas
  An orc wizard (D:5)
  Robin (D:3)
  3 gnolls (D:4)
  4 adders (D:3)
  3 dart slugs
  8 orcs
  7 ball pythons
  5 bats
  9 endoplasms
  5 giant cockroaches
  15 goblins
  8 hobgoblins
  10 jackals
  5 quokkas
  3 frilled lizards
  5 kobolds
  A rat (D:2)
104 creatures vanquished.

Vanquished Creatures (others)
  2 fungi (D:1)
  5 plants (D:1)
7 creatures vanquished.

Grand Total: 111 creatures vanquished

Notes
Turn   | Place    | Note
-------+----------+-------------------------------------------
     0 | D:1      | Godmorgon the Tengu Conjurer began the quest for the Orb.
     0 | D:1      | Reached XP level 1. HP: 10/10 MP: 4/4
    22 | D:1      | Found a faded altar of an unknown god.
   302 | D:1      | Reached XP level 2. HP: 7/15 MP: 6/6
   334 | D:1      | Learned a level 2 spell: Searing Ray
   803 | D:1      | Reached XP level 3. HP: 19/19 MP: 4/8
  1230 | D:2      | Found a shadowy altar of Dithmenos.
  1292 | D:2      | Reached skill level 6 in Conjurations
  1875 | D:3      | Noticed Robin
  1894 | D:4      | Reached XP level 4. HP: 9/24 MP: 1/9
  2110 | D:3      | Killed Robin
  2111 | D:3      | Reached skill level 1 in Shields
  2438 | D:4      | Found a staircase to the Ecumenical Temple.
  2438 | D:4      | Noticed Eustachio
  2458 | Temple   | Entered the Ecumenical Temple
  2469 | Temple   | Gained mutation: Your magical nature lets you fly swiftly
                  | and evasively. [Tengu growth]
  2469 | Temple   | Reached XP level 5. HP: 17/28 MP: 4/10
  2805 | Temple   | Became a worshipper of Vehumet
  2925 | D:3      | Found Goostofi's Weapon Boutique.
  2968 | D:3      | Reached skill level 7 in Conjurations
  3175 | D:3      | Found Qiecoson's General Store.
  3273 | D:3      | Found Dausuen's Magic Scroll Boutique.
  3285 | D:3      | Bought a scroll of teleportation for 39 gold pieces
  3305 | D:3      | Found Hemaylae's Distillery.
  3837 | D:3      | Noticed Sigmund
  3860 | D:3      | Killed Sigmund
  3861 | D:3      | Reached XP level 6. HP: 25/32 MP: 4/12
  4199 | D:4      | Killed Eustachio
  4200 | D:4      | Reached skill level 8 in Conjurations
  4200 | D:4      | Reached XP level 7. HP: 36/36 MP: 7/13
  4284 | D:4      | Reached * piety under Vehumet
  4284 | D:4      | Offered knowledge of Foxfire by Vehumet.
  4324 | D:4      | Reached skill level 1 in Armour
  4393 | D:4      | Learned a level 6 spell: Starburst
  4597 | D:5      | Entered Level 5 of the Dungeon
  4648 | D:5      | Reached skill level 1 in Fire Magic
  4671 | D:5      | Noticed Edmund
  4732 | D:5      | Killed Edmund
  4733 | D:5      | Reached XP level 8. HP: 14/41 MP: 9/15
  4986 | D:5      | Found an ornate altar of the Wu Jian Council.
  5033 | D:5      | Slain by a vampire mosquito

Illustrated notes

Levels and vault maps discovered:
D:1:      ncdulo_smallfort, layout_basic, dreamdust_ecumenical_altar_grove,
          minivault_11, kennysheep_doodads
D:2:      layout_basic, basic_altar, st_stairs_9
D:3:      layout_basic, serial_shops, nicolae_shop_statue_plus,
          nicolae_shop_window_shopping, shop, nicolae_shop_bloodbath_and_beyond,
          kennysheep_donut, uniq_sigmund, uniq_robin
D:4:      minmay_polygon_palace, layout_rooms, minmay_temple_entry_glass,
          uniq_eustachio
D:5:      layout_gridville, nzn_wu_jian_council_hall,
          minmay_manual_mandibuliform, uniq_edmund
Temple:   dpeg_chambers_temple

Skill      XL: |  1  2  3  4  5  6  7 |
---------------+----------------------+-----
Conjurations   | 6 7 8 |  8.9
Spellcasting   | 3 4 |  4.2
Shields        | 1 3 4 |  4.7
Armour         | 2 |  2.5
Fire Magic     | 2 |  2.1
Dodging        | |  2.1
Stealth        | |  2.0

Action                   |  1- 3 |  4- 6 |  7- 9 || total
-------------------------+-------+-------+-------++-------
Melee: Dagger            |    17 |    10 |     6 ||    33
       Unarmed           |     4 |       |       ||     4
       Peck              |     4 |     2 |       ||     6
       Kick              |     3 |     1 |     2 ||     6
 Cast: Magic Dart        |    12 |     8 |     6 ||    26
       Searing Ray       |    28 |    28 |    24 ||    80
Evoke: Wand              |       |     4 |     3 ||     7
  Use: Scroll            |       |     6 |       ||     6
       Potion            |       |       |     1 ||     1
Armor: Robe              |    11 |     5 |       ||    16
       Leather armour    |       |       |     7 ||     7
Dodge: Dodged            |    29 |    36 |    22 ||    87
Block: Buckler           |       |     6 |    11 ||    17
